Map: Ancient Cistern LE

Players

winzboy

  • Race: Protoss Protoss
  • League: Gold
  • Spawn Location: 7:00

CalEy - Winner!

  • Race: Terran Terran
  • League: Silver
  • Spawn Location: 1:00

VOD

Have the link to the VOD?

Description

Time

  • Played on: May 23, 2023, 1:57 a.m.
  • Length: 2:47
Show
View Real Time Build Order
Export as new Build Order

winzboy Protoss 

Build Orders: 1 Gate Expand 

Get SALT Encoding   

  12  0:02  Probe  
  13  0:21  Probe (Chrono Boost)  
  14  0:22  Pylon  
  14  0:34  Probe (Chrono Boost)  
  15  0:43  Gateway  
  15  0:48  Assimilator  
  15  0:49  Probe  
  16  1:07  Assimilator  
  16  1:09  Probe  
  17  1:21  Probe  
  18  1:36  Probe  
  19  1:40  Nexus  
  19  1:55  Probe  
  19  1:56  Cybernetics Core  
  20  2:07  Probe  
  21  2:11  Assimilator  
  21  2:14  Pylon  
  21  2:19  Probe  
  22  2:33  Probe  
Show
View Real Time Build Order
Export as new Build Order

CalEy Terran - Winner!

Build Orders:  

Get SALT Encoding   

  12  0:00  SCV  
  13  0:15  Supply Depot  
  13  0:18  SCV  
  14  0:28  Refinery  
  14  0:30  SCV  
  15  0:45  Barracks  
  15  0:52  SCV  
  16  1:08  Barracks  
  17  1:11  SCV  
  17  1:29  SCV  
  17  1:32  Barracks Tech Lab  
  18  1:38  Supply Depot  
  18  1:41  SCV  
  19  1:51  Marauder, Concussive Shells  
  21  1:55  Barracks Tech Lab  
  21  2:06  Bunker  
  21  2:11  SCV  
  22  2:18  Marauder  
  24  2:25  Marauder  
  26  2:35  Bunker  
Tags
 
Add a new tag
Caveats
  • Supply blocks, unpowered buildings, or Contaminate may cause inaccurate times.
  • Supply counts are checked every 10 seconds.